 Dungeon Crawl Stone Soup version 0.29.1-15-g9cfb28693d (webtiles) character file.

Game seed: 1590459529957252007

552 sizableburger the Slasher (level 7, -1/45 HPs)
             Began as an Octopode Warper on Apr 4, 2023.
             Slain by an ice beast (4 damage)
             ... on level 5 of the Dungeon.
             The game lasted 00:08:45 (5149 turns).

sizableburger the Slasher (Octopode Warper)         Turns: 5149, Time: 00:08:45

Health: -1/45      AC:  1    Str: 11    XL:     7   Next: 29%
Magic:  8/10       EV: 13    Int: 15    God:
Gold:   200        SH:  0    Dex: 13    Spells: 4/10 levels left

rFire   . . .      SeeInvis .   a - +0 falchion
rCold   . . .      Faith    .   (no shield)
rNeg    . . .      Spirit   .   (helmet restricted)
rPois   .          Reflect  .   (no amulet)
rElec   .          Harm     .   i - +4 ring of slaying
rCorr   .          Rampage  .   (no ring)
Will    .....                   (no ring)
Stlth   ++........              (no ring)
HPRegen 0.15/turn               (no ring)
MPRegen 0.12/turn               (no ring)
                                (no ring)
                                (no ring)

@: on blink cooldown
A: almost no armour, amphibious, 8 rings, camouflage 1, gelatinous body 1,
(nimble swimmer 1), tentacles
a: no special abilities


You were on level 5 of the Dungeon.
You visited 1 branch of the dungeon, and saw 6 of its levels.

You collected 200 gold pieces.

Inventory:

Hand Weapons
 a - a +0 falchion (weapon)
Missiles
 c - 6 boomerangs of dispersal (quivered)
 l - 3 boomerangs
Jewellery
 i - a +4 ring of slaying (left tentacle)
Wands
 e - a wand of polymorph (1)
Scrolls
 b - a scroll of blinking
 d - a scroll of amnesia
 g - 2 scrolls of silence
 h - a scroll of butterflies
 j - 2 scrolls of teleportation
 n - 2 scrolls of immolation
Potions
 f - a potion of haste
 k - a potion of attraction
 m - a potion of brilliance {unknown}


   Skills:
 - Level 2.4 Fighting
 + Level 5.5 Long Blades
 - Level 1.1 Throwing
 - Level 3.0 Dodging
 - Level 2.0 Spellcasting
 - Level 3.0 Translocations
 + Level 5.3 Poison Magic


You had 4 spell levels left.
You knew the following spells:

 Your Spells              Type           Power      Damage    Failure   Level
a - Blink                 Tloc           20%        N/A       10%         2
b - Lesser Beckoning      Tloc           10%        N/A       19%         3
c - Sting                 Tmut/Pois      36%        1d4       8%          1

Your spell library contained the following spells:

 Spells                   Type           Power      Damage    Failure   Level
 Gell's Gravitas          Tloc           10%        N/A       19%         3
 Teleport Other           Tloc           10%        N/A       19%         3
 Slow                     Hex            4%         N/A       22%         1
 Confusing Touch          Hex            1%         N/A       54%         3
 Vampiric Draining        Necr           1%         2d6       54%         3
 Manifold Assault         Tloc           10%        N/A       86%         5


Dungeon Overview and Level Annotations

Branches:
Dungeon (6/15)
 Temple: D:4-7

Altars:
Kikubaaqudgha
Makhleb
Uskayaw

Shops:
D:4 :


Innate Abilities, Weirdness & Mutations

You cannot wear most types of armour.
You are amphibious.
You can wear up to eight rings at the same time.
Your skin changes colour to match your surroundings (Stealth+).
Your rubbery body absorbs attacks. (AC +1, EV +1)
((You are camouflaged when in or above water. (Stealth+)))
You have tentacles for arms and can constrict up to eight enemies at once.


Message History

You hit the bullfrog zombie. You grab the bullfrog zombie.
The bullfrog zombie is lightly damaged.
You constrict the bullfrog zombie. The bullfrog zombie barely misses you.
You hit the bullfrog zombie.
The bullfrog zombie is moderately damaged.
You constrict the bullfrog zombie. The bullfrog zombie hits you.
You hit the bullfrog zombie.
The bullfrog zombie is heavily damaged.
You constrict the bullfrog zombie. The bullfrog zombie hits you.
The bullfrog zombie closely misses you.
You hit the bullfrog zombie.
The bullfrog zombie is severely damaged.
You constrict the bullfrog zombie. The bullfrog zombie barely misses you.
You hit the bullfrog zombie. You squeeze the bullfrog zombie.
You destroy the bullfrog zombie!
The ice beast closely misses you.
You hit the ice beast but do no damage. The ice beast hits you.
The ice beast freezes you.
You barely miss the ice beast. The ice beast closely misses you.
You hit the ice beast.
The ice beast is lightly wounded.
The ice beast hits you. The ice beast freezes you!
You are too injured to fight recklessly!
You are too injured to fight recklessly!
You are too injured to fight recklessly!
You are too injured to fight recklessly!
You are too injured to fight recklessly!
You are too injured to fight recklessly!
You are too injured to fight recklessly!
Unknown command.
You slash the ice beast! You squeeze the ice beast.
The ice beast is heavily wounded.
The ice beast hits you. The ice beast freezes you!
* * * LOW HITPOINT WARNING * * *
Unknown command.
Okay, then.
Casting: Blink (safe; 10% risk of failure)
Confirm with . or Enter, or press ? or * to list all spells.
You blink.
The ice beast hits you.
You die...

..### ###.
#........#8.. ..8#
#........#... #...#
#........#...#....#
........##.#.#.#.+
........+.#.#.#.##
♣♣#.......#....#...#
♣.♣........#...#....#
♣♣..@......#8...#..8#
♣..Y........###'####.
♣♣§♣######...........
♣.♣♣#......#.........
♣.♣.##......+.........
♣.♣♣.##..##..#.........
♣♣♣..###'##+#######....
#........+ #....
#........# #....


You could see an ice beast.

Vanquished Creatures
  A water moccasin (D:2)
  A kobold brigand (D:4)
  A scorpion (D:6)
  A bullfrog zombie (D:5)
  A jelly (D:4)
  An orc priest (D:5)
  2 hounds (D:4)
  Jessica (D:2)
  An iguana (D:4)
  A scorpion zombie (D:5)
  A gnoll (D:5)
  An adder (D:2)
  2 dart slugs (D:3)
  3 orcs (D:5)
  11 endoplasms
  A giant cockroach (D:1)
  5 goblins
  5 hobgoblins
  3 jackals (D:1)
  6 quokkas
  8 ball pythons
  3 bats
  5 frilled lizards
  13 kobolds
  7 rats
85 creatures vanquished.

Notes
Turn   | Place    | Note
-------+----------+-------------------------------------------
     0 | D:1      | sizableburger the Octopode Warper began the quest for the
                  | Orb.
     0 | D:1      | Reached XP level 1. HP: 14/14 MP: 3/3
   111 | D:1      | Reached XP level 2. HP: 8/19 MP: 5/5
   828 | D:1      | Found a faded altar of an unknown god.
   835 | D:1      | Got Plato's Tome of Reformation
   849 | D:1      | Reached XP level 3. HP: 18/24 MP: 6/6
   852 | D:1      | Learned a level 2 spell: Blink
  2008 | D:2      | Found a runed translucent door.
  2009 | D:2      | Noticed Crazy Yiuf
  2335 | D:2      | Noticed Jessica
  2341 | D:2      | Learned a level 3 spell: Lesser Beckoning
  2343 | D:2      | Learned a level 1 spell: Sting
  2428 | D:2      | Reached XP level 4. HP: 30/30 MP: 7/7
  2548 | D:2      | Killed Jessica
  2549 | D:2      | Reached skill level 1 in Poison Magic
  3215 | D:4      | Reached XP level 5. HP: 18/35 MP: 8/8
  3671 | D:4      | Found a burning altar of Makhleb.
  3774 | D:4      | Found Duhawn's Book Shoppe.
  3792 | D:4      | Noticed a kobold brigand
  3833 | D:5      | Entered Level 5 of the Dungeon
  3836 | D:5      | Reached XP level 6. HP: 41/41 MP: 9/9
  4097 | D:6      | Noticed a water moccasin
  4099 | D:6      | Noticed a water moccasin
  4254 | D:4      | Noticed a +0 hand axe
  4261 | D:4      | Noticed a +0 hand axe
  4262 | D:4      | Found a hide-covered altar of Uskayaw.
  4341 | D:4      | Found an ancient bone altar of Kikubaaqudgha.
  4544 | D:2      | Noticed Crazy Yiuf
  4544 | D:2      | Crazy Yiuf changed into Crazy Yiuf the water moccasin
  4546 | D:2      | HP: 3/61 [Crazy Yiuf the water moccasin (8)]
  4547 | D:2      | Killed Crazy Yiuf the water moccasin
  4548 | D:2      | Reached skill level 5 in Long Blades
  4548 | D:2      | Reached XP level 7. HP: 4/45 MP: 2/10
  4938 | D:5      | Reached skill level 5 in Poison Magic
  5149 | D:5      | Slain by an ice beast

Illustrated notes

Levels and vault maps discovered:
D:1:      dpeg_arrival_concentric_ovals, layout_loops_ring,
          shapermc_ecumenical_altar_rom_forum, serial_park_tiny_2, minivault_19,
          st_stairs_11
D:2:      minmay_skewed_foursquare, layout_loops_corners,
          uniq_crazy_yiuf_cottage, uniq_jessica
D:3:      layout_rooms, minmay_unequal
D:4:      layout_rooms, mainiacjoe_overflow_small_starburst,
          kennysheep_little_box, dancing_weapons_uskayaw, serial_shops,
          nicolae_shop_hallway_plus, chequers_serial_rivers_small_3
D:5:      layout_gridville, nicolae_yredelemnul_corpse_copse, minivault_1,
          hangedman_abyss_or_decor_lesser_grid, minmay_misc_feat_pillars,
          serial_park_tiny_1, abandoned_shop
D:6:      layout_loops_cross, minmay_temple_entry_tees, gammafunk_ghost_icy

Skill      XL: |  1  2  3  4  5  6  7 |
---------------+----------------------+-----
Dodging        | 3 |  3.0
Long Blades    | 3 4 5 |  5.5
Poison Magic   | 2 3 4 5 |  5.3
Fighting       | |  2.4
Throwing       | |  1.1
Spellcasting   | |  2.0
Translocations | |  3.0

Action                   |  1- 3 |  4- 6 |  7- 9 || total
-------------------------+-------+-------+-------++-------
Melee: Falchion          |    70 |    62 |    18 ||   150
       Tentacles         |     9 |    20 |     4 ||    33
       Constrict         |    13 |    20 |     4 ||    37
       Punch             |     1 |       |       ||     1
Throw: Boomerang         |     1 |       |       ||     1
 Cast: Sting             |       |     5 |       ||     5
       Blink             |       |     2 |     1 ||     3
Evoke: Wand              |       |     1 |       ||     1
  Use: Scroll            |     5 |     9 |       ||    14
       Potion            |       |     2 |       ||     2
 Stab: Sleeping          |    10 |     7 |       ||    17
       Held in net/web   |     1 |       |       ||     1
Armor: Skin              |     1 |     5 |       ||     6
Dodge: Dodged            |    31 |    40 |    10 ||    81
